AoeStats
← Grimuka

Coastal Forest

510341050Analyzed
4v4 RM · 2d ago on Sep 30, 2026· 50m 43s· 8 players
Game mode
Random Map
Map size
Large (8 player)
Population
200
Speed
Normal
Resources
Standard
Victory
Conquest
Starting age
Dark Age
Ending age
Imperial Age
RankedLock teamsTeams togetherTeam positionsShared explorationLock speedFull tech treeHidden civsTurbo modeCheats
Victory
Defeat
🇨🇴 Varangians · Colombia
1096
+13
🇨🇴 Huns · Colombia
1086
+13
🇨🇴 Ethiopians · Colombia
1083
+14
🇨🇴 Saracens · Colombia
996
+18
🇹🇷 Teutons · Türkiye
1073
-16
🇫🇷 Huns · France
1039
-15
🇵🇪 Magyars · Peru
1016
-14
🇻🇳 Maya · Vietnam
985
-13
francis le tueur
11:42 Feudal Age
12:29 Double-Bit Axe
12:35 Fishing Lines
12:49 Gold Mining
15:05 Wheelbarrow
20:11 Castle Age
19:42 Fletching
19:53 Padded Archer Armor
20:38 Bloodlines
20:58 Husbandry
22:33 Bodkin Arrow
23:31 Leather Archer Armor
24:23 Gold Shaft Mining
23:45 Gillnets
25:06 Ballistics
26:36 Caravan
30:28 Hand Cart
30:28 Bow Saw
31:33 Town Watch
31:34 Loom
39:44 Imperial Age
39:52 Heavy Cavalry Archer
42:17 Chemistry
41:22 Bracer
41:57 Parthian Tactics
YB
11:18 Feudal Age
9:34 Loom
17:00 Castle Age
17:42 Double-Bit Axe
20:58 Fishing Lines
22:08 Wheelbarrow
22:47 Bow Saw
26:14 Horse Collar
27:36 Gold Mining
28:34 Hand Cart
34:10 Pikeman
42:03 Bloodlines
41:53 Husbandry
45:35 Imperial Age
43:18 Elite Skirmisher
44:04 Thumb Ring
44:32 Scale Barding Armor
45:42 Cavalier
46:52 Chain Barding Armor
47:10 Paladin
48:23 Elite Magyar Huszar
49:24 Conscription
49:07 Corvinian Army
50:30 Plate Barding Armor
itsapencilcase
3:51 Loom
11:48 Feudal Age
15:57 Castle Age
14:07 Double-Bit Axe
16:50 Stone Mining
18:27 Bow Saw
23:45 Stone Mining
23:40 Horse Collar
23:53 Stone Mining
24:54 Heavy Plow
25:04 Gold Mining
27:24 Wheelbarrow
26:34 Town Watch
27:24 Arson
27:39 Squires
28:08 Elite Skirmisher
31:15 Padded Archer Armor
31:19 Scale Mail Armor
31:32 Forging
31:28 Scale Barding Armor
33:55 Imperial Age
31:44 Hand Cart
34:23 Fletching
34:48 Leather Archer Armor
36:48 Two-Man Saw
37:46 Siege Engineers
38:25 Crop Rotation
39:22 Masonry
40:24 Hoardings
43:23 Ring Archer Armor
42:48 Bodkin Arrow
43:17 Guard Tower
43:13 Arrowslits
43:58 Pikeman
44:24 Gambesons
44:58 Chain Mail Armor
45:18 Iron Casting
46:10 Plate Mail Armor
45:52 Halberdier
47:48 Coinage
47:29 Guilds
48:30 Blast Furnace
48:41 Fervor
SOUL 360
11:22 Feudal Age
15:20 Castle Age
15:15 Scale Mail Armor
16:02 Eagle Warrior
32:05 Loom
34:14 Fletching
36:42 Bodkin Arrow
37:37 Padded Archer Armor
40:12 Forging
41:04 Chain Mail Armor
41:55 Squires
46:35 Iron Casting
49:43 Gold Mining
49:45 Stone Mining
Cookie Monster
10:25 Loom
13:59 Feudal Age
14:30 Fishing Lines
16:28 Double-Bit Axe
16:33 Town Watch
18:27 Wheelbarrow
17:59 Stone Mining
21:03 Castle Age
20:53 Gold Mining
22:25 Hand Cart
24:46 Gillnets
26:19 Stone Shaft Mining
27:55 Bow Saw
28:34 Forging
28:31 Scale Barding Armor
34:20 Imperial Age
33:29 Iron Casting
33:21 Chain Barding Armor
33:38 Town Patrol
37:08 Two-Man Saw
36:38 Conscription
38:38 Blast Furnace
38:23 Fletching
38:43 Elite Jarl
41:51 Plate Barding Armor
41:12 Bodkin Arrow
43:14 Bracer
43:15 Padded Archer Armor
44:40 Ballistics
44:26 Siege Engineers
45:27 Chemistry
44:38 Masonry
44:27 Murder Holes
44:13 Treadmill Crane
46:52 Leather Archer Armor
46:38 Scale Mail Armor
Grimuka
5:29 Loom
11:40 Feudal Age
13:56 Horse Collar
14:03 Double-Bit Axe
17:17 Fishing Lines
23:13 Castle Age
21:48 Stone Mining
21:49 Gold Mining
25:35 Fletching
25:45 Padded Archer Armor
26:01 Bow Saw
25:53 Heavy Plow
26:30 Gold Shaft Mining
26:51 Wheelbarrow
26:28 Gillnets
26:28 Elite Skirmisher
28:17 Medium Warships
29:53 Bodkin Arrow
30:14 Leather Archer Armor
31:53 Ballistics
33:39 Town Watch
38:53 Hand Cart
43:17 Imperial Age
41:48 Fortified Wall
44:17 Coinage
43:47 Caravan
44:46 Ring Archer Armor
44:16 Bracer
45:52 Two-Man Saw
45:31 Conscription
44:32 Elite Mameluke
46:52 Chemistry
45:48 Murder Holes
47:15 Thumb Ring
48:33 Heavy Warships
48:28 Masonry
48:24 Siege Engineers
50:14 Banking
50:51 Clinker Construction
51:19 Town Patrol
anamagg08
4:26 Loom
12:10 Feudal Age
14:30 Wheelbarrow
14:46 Double-Bit Axe
19:21 Castle Age
17:26 Horse Collar
17:40 Gold Mining
18:14 Fishing Lines
19:36 Bloodlines
20:40 Forging
21:19 Husbandry
24:51 Gillnets
26:46 Scale Barding Armor
27:17 Iron Casting
29:14 Chain Barding Armor
30:22 Fletching
30:52 Bow Saw
37:31 Imperial Age
35:17 Hand Cart
37:28 Gold Shaft Mining
37:37 Cavalier
40:10 Two-Man Saw
42:53 Plate Barding Armor
43:18 Blast Furnace
43:08 Heavy Plow
45:17 Paladin
46:57 Town Watch
Jikars
7:35 Loom
10:19 Feudal Age
11:18 Double-Bit Axe
15:08 Fletching
18:18 Padded Archer Armor
19:27 Horse Collar
26:46 Castle Age
26:11 Wheelbarrow
25:37 Gold Mining
27:27 Bodkin Arrow
28:43 Leather Archer Armor
29:12 Crossbowman
34:17 Ballistics
35:42 Thumb Ring
38:40 Hand Cart
44:20 Imperial Age
45:09 Bracer
45:40 Ring Archer Armor
44:34 Arbalester
46:15 Chemistry
45:55 Conscription
47:26 Elite Skirmisher
Connection lost

Rejoining the realm…

Still unreachable

The connection could not be restored.

Session expired

The server has moved on; the page needs a fresh start.